 Dungeon Crawl Stone Soup version 0.23-a0-671-g42e8185 (webtiles) character file.

450 zishaf the Sneak (level 7, -3/42 HPs)
             Began as a Kobold Artificer on Jan 9, 2019.
             Slain by a crimson imp (4 damage)
             ... summoned by Natasha
             ... on level 3 of the Dungeon.
             The game lasted 00:07:19 (3138 turns).

zishaf the Sneak (Kobold Artificer)                 Turns: 3138, Time: 00:07:20

Health: -3/42      AC:  3    Str: 10    XL:     7   Next: 25%
Magic:  10/10      EV: 17    Int: 13    God:
Gold:   190        SH:  0    Dex: 16    Spells: 6/6 levels left

rFire    . . .     SeeInvis .   m - +0 dagger (elec)
rCold    . . .     Gourm    .   (shield restricted)
rNeg     . . .     Faith    .   b - +0 leather armour
rPois    .         Spirit   .   (no helmet)
rElec    .         Reflect  .   (no cloak)
rCorr    .         Harm     .   (no gloves)
MR       .....                  (no boots)
Stlth    +++.......             (no amulet)
HPRegen  0.14/turn              (no ring)
MPRegen  0.12/turn              (no ring)

@: no status effects
A: small, carnivore
a: no special abilities


You were on level 3 of the Dungeon.
You were very full.

You visited 1 branch of the dungeon, and saw 3 of its levels.

You collected 190 gold pieces.

Inventory:

Hand Weapons
 m - a +0 dagger of electrocution (weapon)
 v - a +0 dagger of speed
 w - a +0 blowgun
Missiles
 j - 43 stones (quivered)
 t - 40 bolts
 x - 7 poisoned needles
Armour
 b - a +0 leather armour (worn)
 u - a +0 shield
Wands
 c - a wand of flame (11)
 d - a wand of enslavement (15)
 e - a wand of random effects (13)
Scrolls
 g - 2 scrolls of magic mapping {unknown}
 h - 5 scrolls of remove curse {unknown}
 i - 9 scrolls of identify {unknown}
 l - a scroll of enchant weapon {unknown}
 o - a scroll of teleportation {unknown}
 q - a scroll of immolation {unknown}
 r - 2 scrolls of amnesia {unknown}
Potions
 a - a potion of invisibility {unknown}
 k - a potion of magic {unknown}
 n - 2 potions of flight {unknown}
 p - a potion of haste {unknown}
Comestibles
 f - 7 rations
 s - 9 chunks of flesh


   Skills:
 + Level 3.7 Fighting
 + Level 4.7 Short Blades
 + Level 4.7 Dodging
 + Level 4.9 Stealth
 - Level 4.0 Evocations


You had 6 spell levels left.
You didn't know any spells.
Your spell library was empty.

Dungeon Overview and Level Annotations

Branches:
Dungeon (3/15)

Altars:

Annotations:
D:3 Natasha


Innate Abilities, Weirdness & Mutations

You are small and have problems with some larger weapons.
You are carnivorous and can eat meat at any time.


Message History

a bat corpse; a jackal corpse Butcher a bat corpse? [(y)es/(n)o/(a)ll/(q)uit/?]
You butcher the bat corpse.
Natasha stares at you and mumbles some strange words.
You stop butchering the corpse.
The magic dart hits you!
* * * LOW HITPOINT WARNING * * *
You feel sick.
You are no longer poisoned.
You barely miss Natasha. Natasha barely misses you.
You hit Natasha.
Natasha is lightly wounded.
Natasha casts a spell.
You closely miss Natasha.
Natasha is lightly wounded.
Natasha claws you.
* * * LOW HITPOINT WARNING * * *
You hit Natasha but do no damage. Lightning courses through Natasha!
Natasha is severely wounded.
The crimson imp hits you.
You die...

####### ......# #####.#
### #.# ##.######. #.#
#..5...... #.# ##@######
##.## #h# ##...#### #.#
##.......# ####.#####
#........# #........#
#........# #.##.###.#
##....>...# #.##.##
#....>....###....)##.#...
)........(..h...†÷...'...


You could see Natasha and a crimson imp.

Vanquished Creatures
  Sigmund (D:2)
  A hound (D:3)
  An orc wizard (D:3)
  Jessica (D:2)
  Natasha (D:3)
  5 gnolls (D:2)
  3 adders (D:3)
  3 oozes
  4 dart slugs
  3 leopard geckos
  5 orcs (D:3)
  3 giant cockroaches
  5 goblins
  8 hobgoblins
  9 jackals
  A quokka (D:2)
  10 bats
  6 frilled lizards
  12 kobolds
  6 rats
88 creatures vanquished.

Notes
Turn   | Place    | Note
-------+----------+-------------------------------------------
     0 | D:1      | zishaf the Kobold Artificer began the quest for the Orb.
     0 | D:1      | Reached XP level 1. HP: 12/12 MP: 3/3
   123 | D:1      | Reached XP level 2. HP: 16/16 MP: 4/4
   534 | D:1      | Reached XP level 3. HP: 16/20 MP: 5/5
  1238 | D:2      | Noticed Sigmund
  1249 | D:2      | Killed Sigmund
  1249 | D:2      | Reached XP level 4. HP: 23/28 MP: 7/7
  1249 | D:2      | Reached XP level 5. HP: 26/32 MP: 8/8
  1249 | D:2      | Reached XP level 6. HP: 30/37 MP: 9/9
  1748 | D:2      | Noticed Jessica
  1751 | D:2      | Killed Jessica
  2682 | D:3      | Reached XP level 7. HP: 38/41 MP: 10/10
  3096 | D:3      | Noticed Natasha
  3109 | D:3      | Killed Natasha
  3122 | D:3      | Noticed Natasha
  3137 | D:3      | HP: 1/42 [Natasha (3)]
  3138 | D:3      | Slain by a crimson imp

Vault maps used:
D:1:      minmay_arrival_four_circles
D:2:      minmay_general_purpose_star, first_ration, uniq_sigmund, uniq_jessica
D:3:      uniq_natasha

Skill      XL: |  1  2  3  4  5  6 |
---------------+-------------------+-----
Stealth        | 2 3 4 |  4.9
Short Blades   | 2 3 4 |  4.7
Evocations     | 4 |  4.0
Dodging        | 3 4 |  4.7
Fighting       | 3 |  3.7

Action                   |  1- 3 |  4- 6 |  7- 9 || total
-------------------------+-------+-------+-------++-------
Melee: Short sword       |    56 |       |       ||    56
       Dagger            |    60 |   100 |    77 ||   237
Throw: Stone             |       |    16 |       ||    16
Evoke: Wand              |     1 |     5 |       ||     6
 Stab: Sleeping          |     7 |     4 |     2 ||    13
  Eat: Chunk             |    10 |     4 |     1 ||    15
Armor: Leather armour    |    26 |    10 |     8 ||    44
Dodge: Dodged            |    84 |    59 |    38 ||   181

Table legend:
 A = Non-vault XP
 B = Vault XP
 C = Vault XP percentage of total XP
 D = Non-vault monster count
 E = Vault monster count
 F = Vault count percentage of total count
                 A         B        C        D         E       F
            +---------+---------+-------+---------+---------+-------
      Total |     337 |     306 |  47.6 |      83 |       5 |   5.7
            +---------+---------+-------+---------+---------+-------
        D:1 |      56 |       0 |   0.0 |      27 |       0 |   0.0
        D:2 |     108 |     273 |  71.7 |      29 |       4 |  12.1
        D:3 |     173 |      33 |  16.0 |      27 |       1 |   3.6
            +---------+---------+-------+---------+---------+-------
